Map: Ascension to Aiur LE

Players

Juxtapose - Winner!

  • Race: Zerg Zerg
  • League: Gold
  • Spawn Location: 5:00

Llanowarelf

  • Race: Protoss Protoss
  • League: Platinum
  • Spawn Location: 11:00

VOD

https://youtu.be/UpeMZOkLqwY

Description

This match is pretty standard. Once he activated Guardian Shield, which I knew he would, I simply focused fired his Sentries and that was pretty much it.

Time

  • Played on: Dec. 3, 2017, 1:52 p.m.
  • Length: 8:17
Show
View Real Time Build Order
Export as new Build Order

Juxtapose Zerg - Winner!

Build Orders: Hatch First 

Get SALT Encoding   

  12  0:01  Drone  
  13  0:10  Drone  
  14  0:17  Overlord  
  14  0:36  Drone x2  
  16  0:52  Hatchery  
  16  0:53  Drone  
  16  0:58  Extractor  
  16  1:00  Drone  
  16  1:14  Spawning Pool  
  16  1:17  Drone  
  16  1:24  Drone  
  17  1:29  Overlord  
  17  1:37  Drone  
  18  1:44  Drone  
  19  1:52  Drone  
  20  2:02  Queen  
  20  2:04  Drone  
  20  2:08  Drone  
  24  2:13  Drone  
  26  2:22  Drone  
  26  2:24  Drone  
  26  2:25  Queen  
  28  2:43  Zergling x6  
  31  2:52  Roach Warren  
  30  3:00  Drone x2  
  30  3:03  Drone x2  
  34  3:15  Drone x2  
  34  3:18  Extractor, Overlord x2  
  35  3:25  Lair  
  35  3:30  Queen, Evolution Chamber  
  36  3:44  Drone x3  
  36  3:45  Drone x4  
  43  3:49  Overlord  
  43  3:56  Spore Crawler  
  43  3:58  Spore Crawler  
  43  4:00  Drone  
  42  4:17  Drone  
  42  4:18  Drone x3  
  42  4:22  Extractor  
  46  4:24  Drone x3  
  46  4:25  Extractor  
  46  4:26  Roach  
  46  4:27  Roach x2  
  46  4:31  Roach  
  55  4:36  Queen  
  57  4:43  Drone x3  
  60  4:52  Overlord x2  
  60  4:58  Zerg Missile Weapons Level 1  
  60  5:06  Overseer  
  60  5:18  Drone x2  
  60  5:20  Overlord x2  
  62  5:35  Roach x7  
  76  5:39  Overlord x3  
  76  5:44  Hydralisk Den  
  75  5:52  Drone  
  76  6:04  Overseer x2  
  76  6:07  Roach x5  
  86  6:12  Glial Reconstitution  
  86  6:15  Muscular Augments  
  86  6:29  Hydralisk x6  
  97  6:50  Hydralisk, Roach x4  
  97  7:02  Burrow  
  93  7:10  Hydralisk x4  
  93  7:11  Hydralisk x2  
  105  7:40  Hatchery  
Show
View Real Time Build Order
Export as new Build Order

Llanowarelf Protoss 

Build Orders:  

Get SALT Encoding   

  12  0:00  Probe  
  13  0:13  Probe  
  14  0:17  Pylon  
  14  0:25  Probe (Chrono Boost)  
  15  0:37  Probe (Chrono Boost)  
  15  0:38  Gateway  
  17  0:45  Probe (Chrono Boost)  
  17  0:51  Probe  
  17  0:53  Assimilator  
  18  0:59  Pylon  
  18  1:03  Probe (Chrono Boost)  
  19  1:05  Assimilator  
  19  1:15  Probe (Chrono Boost)  
  20  1:23  Probe (Chrono Boost)  
  21  1:27  Cybernetics Core  
  21  1:31  Probe  
  22  1:33  Zealot  
  24  1:43  Probe  
  24  1:46  Pylon  
  25  1:55  Probe  
  25  1:56  Pylon  
  26  2:03  Stalker  
  26  2:08  Probe  
  29  2:10  Gateway  
  29  2:26  Forge  
  29  2:27  Probe  
  30  2:48  Nexus  
  30  2:52  Sentry  
  30  2:57  Sentry  
  33  3:07  Protoss Ground Weapons Level 1 (Chrono Boost)  
  33  3:18  Stalker  
  35  3:22  Assimilator  
  35  3:23  Stalker  
  35  3:26  Assimilator  
  37  3:39  Probe (Chrono Boost)  
  38  3:48  Stalker  
  39  3:50  Probe (Chrono Boost)  
  39  3:52  Twilight Council  
  41  3:58  Pylon  
  42  4:03  Probe (Chrono Boost)  
  42  4:07  Probe (Chrono Boost)  
  43  4:13  Adept  
  43  4:14  Probe x2 (Chrono Boost)  
  47  4:21  Adept  
  47  4:23  Probe  
  50  4:35  Probe x2  
  52  4:40  Resonating Glaives  
  52  4:47  Adept, Probe x2  
  52  4:51  Adept  
  58  4:59  Probe (Chrono Boost)  
  60  5:03  Protoss Ground Armor Level 1 (Chrono Boost), Probe (Chrono Boost)  
  60  5:07  Pylon  
  60  5:11  Probe (Chrono Boost)  
  62  5:14  Adept  
  62  5:18  Sentry, Probe (Chrono Boost)  
  62  5:20  Probe (Chrono Boost)  
  67  5:24  Probe (Chrono Boost)  
  70  5:28  Probe x2 (Chrono Boost), Pylon  
  70  5:35  Gateway  
  70  5:37  Probe  
  71  5:49  Probe  
  72  5:55  Forge  
  72  5:56  Forge  
  72  6:01  Probe  
  73  6:14  Stalker  
  73  6:16  Stalker  
  77  6:20  Charge (Chrono Boost)  
  77  6:22  Photon Cannon  
  77  6:23  Pylon  
  77  6:28  Photon Cannon  
  77  6:44  Stalker  
  77  6:46  Stalker  
  81  6:48  Stalker  
  59  7:09  Photon Cannon  
  59  7:14  Stalker  
  59  7:15  Stargate x2  
  59  7:16  Stalker  
  59  7:17  Pylon  
  59  7:22  Adept  
  63  7:33  Gateway  
  63  7:42  Pylon  
  63  7:44  Adept  
  63  7:46  Adept  
  63  7:47  Pylon  
Tags
 
Add a new tag
Caveats
  • Supply blocks, unpowered buildings, or Contaminate may cause inaccurate times.
  • Supply counts are checked every 10 seconds.